[Event "Late-Titled-Tuesday-Blitz-December-26-2023"]
[Site "Chess.com"]
[Date "2023.12.26"]
[Round "8"]
[White "olawsson"]
[Black "Fore_Man"]
[Result "0-1"]
[WhiteElo "2165"]
[BlackElo "2383"]
[TimeControl "180+1"]
[EndTime "15:25:36 PST"]
[Termination "Fore_Man won on time"]

1. d4 Nf6 2. c4 e6 3. Nf3 d5 4. Nc3 Be7 5. Bg5 c6 6. e3 O-O 7. Rc1 Nbd7 8. Bd3 Re8 9. O-O dxc4 10. Bxc4 b5 11. Be2 Bb7 12. Ne5 Nxe5 13. dxe5 Nd7 14. Bf4 Nc5 15. Qc2 a6 16. Bf3 Qb6 17. Ne4 Nxe4 18. Bxe4 g6 19. Rfd1 c5 20. Rd7 Bxe4 21.
Qxe4 Rad8 22. Rcd1 Rxd7 23. Rxd7 Qa5 24. h3 Qe1+ 25.
Kh2 Qxf2 26. Bh6 Qh4 27. Qxh4 Bxh4 28. Ra7 Rd8 29. g3 Rd2+ 30. Kg1 Bd8 0-1

[Event "Late-Titled-Tuesday-Blitz-December-26-2023"]
[Site "Chess.com"]
[Date "2023.12.26"]
[Round "8"]
[White "cthake"]
[Black "SEBAZZANO"]
[Result "0-1"]
[WhiteElo "1922"]
[BlackElo "2273"]
[TimeControl "180+1"]
[EndTime "15:25:39 PST"]
[Termination "SEBAZZANO won by checkmate"]

1. c4 Nf6 2. Nc3 c5 3. g3 g6 4. Bg2 Bg7 5. d3 O-O 6. e4 d6 7.
Nge2 Nc6 8. O-O e5 9. h3 Nd4 10.
Nd5 Rb8 11. a4 Nxd5 12. cxd5 Bd7 13. Nxd4 exd4 14. f4 a6 15. a5 b6 16. Bd2 b5 17.
Qc2 c4 18. Rae1 Rc8 19. Bb4 Be8 20. e5 dxe5 21. fxe5 Qg5 22. e6 fxe6 23. Bxf8 Bxf8 24. dxe6 Qxg3 25. Qf2 Bd6 26. e7 Qh2# 0-1

[Event "Late-Titled-Tuesday-Blitz-December-26-2023"]
[Site "Chess.com"]
[Date "2023.12.26"]
[Round "8"]
[White "chessajedrezz2020"]
[Black "NovakRatko"]
[Result "0-1"]
[WhiteElo "2741"]
[BlackElo "2438"]
[TimeControl "180+1"]
[EndTime "15:25:41 PST"]
[Termination "NovakRatko won by resignation"]

1. Nf3 d5 2. d4 c5 3. c4 cxd4 4. cxd5 Qxd5 5. Nc3 Qa5 6. Qxd4 Nc6 7. Qd5 Nf6 8. Qxa5 Nxa5 9. e4 e6 10. e5 Nd7 11. Nb5 Bb4+ 12. Bd2 Bxd2+ 13. Kxd2 O-O 14. Rc1 Nc6 15. Re1 Rd8 16. Kc1 a6 17. Nc3 b5 18.
Bd3 Bb7 19. Be4 Rac8 20. Kb1 Nc5 21. Bc2 Nb4 22. a3 Nxc2 23. Kxc2 a5 24. Kb1 b4 25. axb4 axb4 26. Nb5 Be4+ 27. Rxe4 Nxe4 28. Re1 Nd2+ 29. Nxd2 Rxd2 0-1

[Event "Late-Titled-Tuesday-Blitz-December-26-2023"]
[Site "Chess.com"]
[Date "2023.12.26"]
[Round "8"]
[White "Mikhail_Golubev"]
[Black "elchacal664"]
[Result "1-0"]
[WhiteElo "2630"]
[BlackElo "2327"]
[TimeControl "180+1"]
[EndTime "15:25:43 PST"]
[Termination "Mikhail_Golubev won by resignation"]

1. e4 c5 2. Nf3 d6 3. d4 cxd4 4. Nxd4 Nf6 5. Nc3 g6 6. Be3 a6 7. f3 h5 8. Qd2 b5 9. a4 b4 10. Nd5 Nxd5 11. exd5 a5 12. Bb5+ Bd7 13. Nc6 Qc7 14.
Bd4 Rg8 15. Nxb8 Rxb8 16. Bxd7+ Qxd7 17. O-O e5 18. dxe6 fxe6 19. Rfe1 Be7 20. c4 e5 21. Bf2 Qe6 22. b3 g5 23. Rad1 Qf5 24. c5 dxc5 25. Qd5 Kf8 26. Bxc5 Rg7 27. Rxe5 1-0

[Event "Late-Titled-Tuesday-Blitz-December-26-2023"]
[Site "Chess.com"]
[Date "2023.12.26"]
[Round "8"]
[White "nitpicker"]
[Black "KejJaj"]
[Result "1-0"]
[WhiteElo "2309"]
[BlackElo "2159"]
[TimeControl "180+1"]
[EndTime "15:25:44 PST"]
[Termination "nitpicker won by resignation"]

1. d4 f5 2. c4 Nf6 3. Nf3 e6 4. Qc2 Bb4+ 5. Nc3 Ne4 6. g3 Bxc3+ 7.
bxc3 d6 8. Bg2 O-O 9. Nd2 Nxd2 10. Bxd2 c5 11. O-O Qc7 12. e4 Nc6 13. exf5 exf5 14.
Bd5+ Kh8 15. dxc5 dxc5 16. Bf4 Qa5 17. Rab1 Qa6 18. Rb5 Ne7 19. Rxc5 Qa3 20. Rc7 Nxd5 21. cxd5 Qa5 22. Be5 Rg8 23. c4 f4 24. Qb2 Qxc7 25. Bxc7 fxg3 26. fxg3 1-0

[Event "Late-Titled-Tuesday-Blitz-December-26-2023"]
[Site "Chess.com"]
[Date "2023.12.26"]
[Round "8"]
[White "BeardedNM"]
[Black "GAusal"]
[Result "1-0"]
[WhiteElo "2180"]
[BlackElo "2282"]
[TimeControl "180+1"]
[EndTime "15:25:44 PST"]
[Termination "BeardedNM won by checkmate"]

1. e4 c5 2. Nf3 e6 3. d4 cxd4 4. Nxd4 a6 5. Bd3 Nc6 6. Nxc6 bxc6 7. c4 d6 8. Nc3 Nf6 9. O-O Qc7 10. b3 Be7 11.
Bb2 a5 12. Qe2 O-O 13. f4 c5 14. e5 Ne8 15. Qe4 g6 16. Qxa8 Bb7 17. Qa7 dxe5 18. fxe5 Bg5 19. Be4 Be3+ 20. Kh1 Nd6 21. exd6 Qxd6 22.
Qxb7 Qd2 23. Na4 h5 24. Rad1 Qe2 25. Bxg6 Qg4 26. Bxf7+ Rxf7 27. Qxf7# 1-0

[Event "Late-Titled-Tuesday-Blitz-December-26-2023"]
[Site "Chess.com"]
[Date "2023.12.26"]
[Round "8"]
[White "lolo9292"]
[Black "powermove"]
[Result "0-1"]
[WhiteElo "2190"]
[BlackElo "2026"]
[TimeControl "180+1"]
[EndTime "15:26:01 PST"]
[Termination "powermove won by checkmate"]

1. e4 e5 2. Nc3 Nf6 3. f4 d5 4.
fxe5 Nxe4 5. Nf3 Be7 6. Qe2 Nxc3 7. dxc3 c6 8. Bf4 Bf5 9. O-O-O Qa5 10. Kb1 O-O 11.
h4 Nd7 12. Ng5 Qa4 13. Rd4 Qa5 14. g4 Bxg5 15. hxg5 Bg6 16. Qh2 Nc5 17. Ka1 Ne4 18.
Bd3 Nxc3 19. bxc3 Qxc3+ 20. Kb1 Qxd4 21. Bxg6 fxg6 22. e6 Rxf4 23. Qxh7+ Kf8 24. Qh8+ Ke7 25. Qxa8 Qb4+ 26. Ka1 Qc3+ 27. Kb1 Rb4+ 28. Kc1 Qa1+ 29. Kd2 Qxh1 30. Qc8 Rd4+ 31. Kc3 Rc4+ 32. Kb2 Kd6 33. Qd7+ Kc5 34. Qe7+ Kb6 35. Qd8+ Ka6 36. e7 Qg2 37. e8=Q Qxc2+ 38. Ka3 Ra4# 0-1

[Event "Late-Titled-Tuesday-Blitz-December-26-2023"]
[Site "Chess.com"]
[Date "2023.12.26"]
[Round "8"]
[White "Thjop"]
[Black "Dedic8"]
[Result "0-1"]
[WhiteElo "2697"]
[BlackElo "2849"]
[TimeControl "180+1"]
[EndTime "15:26:02 PST"]
[Termination "Dedic8 won by resignation"]

1. e4 e5 2. Nf3 Nc6 3. Bb5 a6 4. Ba4 Nf6 5. O-O b5 6. Bb3 Bc5 7. d3 d6 8. a3 h6 9. Be3 O-O 10. h3 Bxe3 11. fxe3 Be6 12. Nbd2 Nd7 13. Qe1 a5 14. a4 bxa4 15. Bxa4 Nb4 16. Qe2 Nc5 17. c3 Nbxd3 18. Bc6 Rb8 19. b4 axb4 20. cxb4 Nxb4 21. Ba4 Nbd3 22. Bc2 Nb4 23. Bb1 Qe7 24. Rc1 Rfd8 25.
Ra7 Ra8 26. Rxa8 Rxa8 27. Qb5 Nba6 28. Qa5 Rb8 29. Kh2 Qe8 30. Qc3 Qb5 31. Qc2 Nb4 32.
Qd1 Nbd3 33. Bxd3 Qxd3 34. Qe1 Rb2 35. Kg1 Nxe4 36. Nxe4 Qxe4 37. Rxc7 Bxh3 38. Qg3 Rxg2+ 0-1

[Event "Late-Titled-Tuesday-Blitz-December-26-2023"]
[Site "Chess.com"]
[Date "2023.12.26"]
[Round "8"]
[White "lucasmito"]
[Black "StellarChess"]
[Result "1-0"]
[WhiteElo "2748"]
[BlackElo "2547"]
[TimeControl "180+1"]
[EndTime "15:26:02 PST"]
[Termination "lucasmito won by resignation"]

1. e4 a6 2. d4 c6 3. Nc3 d5 4. h3 dxe4 5. Nxe4 Nf6 6. Nxf6+ exf6 7. Nf3 Bd6 8. Bd3 O-O 9. O-O Re8 10. c4 Nd7 11. Qc2 Nf8 12. Rd1 Be6 13. Bf5 Qd7 14.
Bxe6 Nxe6 15. d5 Nc5 16. Be3 Ne4 17. c5 Bf8 18. d6 h6 19. Rd4 Ng5 20. Bxg5 fxg5 21.
Rb4 Re6 22. Qb3 b5 23. cxb6 Bxd6 24. Rd1 Qb7 25. Rbd4 Bc5 26. Rd8+ Rxd8 27. Rxd8+ Kh7 28. Qd3+ Rg6 29. Ne5 Qxb6 30. Nxf7 Bxf2+ 31. Kf1 1-0

[Event "Late-Titled-Tuesday-Blitz-December-26-2023"]
[Site "Chess.com"]
[Date "2023.12.26"]
[Round "8"]
[White "KNVB"]
[Black "Predator0608"]
[Result "0-1"]
[WhiteElo "2686"]
[BlackElo "2549"]
[TimeControl "180+1"]
[EndTime "15:26:05 PST"]
[Termination "Predator0608 won on time"]

1. d4 Nf6 2. c4 b6 3. Nc3 Bb7 4. f3 d5 5. cxd5 Nxd5 6. e4 Nxc3 7. bxc3 g6 8. h4 h5 9. Be3 Bg7 10. Bc4 O-O 11. g4 hxg4 12. h5 Qd6 13. h6 Bf6 14. e5 Bxe5 15. h7+ Kh8 16. dxe5 Qxe5 17. Qd4 Qxd4 18. Bxd4+ f6 19. Kf2 Nd7 20. Be6 Ne5 21. Bxe5 fxe5 22. Bxg4 e4 23. Re1 Rad8 24. Re3 Rd2+ 25.
Kg3 Rxa2 26. fxe4 Ra1 27. Kg2 Rf4 28. Bf3 Rf7 29. Ne2 Rxh1 30. Kxh1 Rxh7+ 31. Kg2 Rf7 32. Rd3 e5 33. Rd8+ Kg7 34. Rb8 Bc6 35. Nc1 g5 36. Nd3 g4 0-1

[Event "Late-Titled-Tuesday-Blitz-December-26-2023"]
[Site "Chess.com"]
[Date "2023.12.26"]
[Round "8"]
[White "kasparicy"]
[Black "mightysmasher"]
[Result "1-0"]
[WhiteElo "2491"]
[BlackElo "2567"]
[TimeControl "180+1"]
[EndTime "15:26:07 PST"]
[Termination "kasparicy won by checkmate"]

1. e4 e6 2. d4 d5 3. Nd2 dxe4 4. Nxe4 Nd7 5. Nf3 Ngf6 6. Nxf6+ Nxf6 7. Bd3 c5 8. Qe2 cxd4 9. Bg5 Bd7 10. O-O-O Qc7 11. Kb1 O-O-O 12. Nxd4 h6 13. Bh4 Qb6 14. Bb5 Bc5 15.
Bxd7+ Rxd7 16. Nb3 Bd6 17. c4 Rhd8 18. c5 Bxc5 19. Rc1 Rc7 20. Bxf6 gxf6 21. Nxc5 Kb8 22. Nb3 Rcd7 23. Rc2 a6 24. Rhc1 Rd5 25. Qe3 Qxe3 26.
fxe3 R8d7 27. Nc5 Re7 28. Na4 Re5 29. Nb6 Rxe3 30. a4 Re5 31. b4 a5 32. Rc8+ Ka7 33. Nc4 Re4 34. bxa5 Ka6 35. Ra8# 1-0

[Event "Late-Titled-Tuesday-Blitz-December-26-2023"]
[Site "Chess.com"]
[Date "2023.12.26"]
[Round "8"]
[White "campochess"]
[Black "katharinareinecke"]
[Result "1/2-1/2"]
[WhiteElo "2166"]
[BlackElo "2015"]
[TimeControl "180+1"]
[EndTime "15:26:07 PST"]
[Termination "Game drawn by repetition"]

1. e4 c6 2. Nc3 d5 3. Nf3 Bg4 4. d3 e6 5. h3 Bxf3 6. Qxf3 Nf6 7. Bg5 Be7 8. O-O-O O-O 9. Kb1 b5 10. g4 b4 11. Ne2 c5 12. Bf4 dxe4 13. Qg2 exd3 14. Qxa8 dxe2 15. Bxe2 Qb6 16. Qf3 Nc6 17. Qe3 Nd5 18. Qc1 Nd4 19. Rxd4 cxd4 20. Ka1 Rc8 21. Bd3 a5 22. Re1 a4 23. Re5 b3 24. Rxd5 exd5 25. c4 dxc3 26. bxc3 b2+ 27. Qxb2 Qxb2+ 28. Kxb2 Bf6 29. Bd2 a3+ 30. Kc2 Rb8 31. Bc1 Rc8 32. Bd2 Rb8 33. Bc1 Rc8 34. Bd2 1/2-1/2

[Event "Late-Titled-Tuesday-Blitz-December-26-2023"]
[Site "Chess.com"]
[Date "2023.12.26"]
[Round "8"]
[White "topce"]
[Black "mariofs"]
[Result "0-1"]
[WhiteElo "2369"]
[BlackElo "2204"]
[TimeControl "180+1"]
[EndTime "15:26:13 PST"]
[Termination "mariofs won on time"]

1. c4 c6 2. Nc3 d5 3. e3 Nf6 4.
Nf3 g6 5. b3 Bg7 6. Bb2 O-O 7.
d4 Re8 8. Be2 e6 9. O-O Nbd7 10.
a4 a5 11. Rc1 Nb8 12. Ne5 Na6 13. c5 Nd7 14. Nd3 e5 15. Ne1 Nb4 16. Ba3 exd4 17.
exd4 b6 18. cxb6 Qxb6 19. Nf3 Nf6 20. Ne5 Bb7 21. Bxb4 Qxb4 22. Na2 Qb6 23. Bf3 Rad8 24. Re1 Rc8 25. Qd2 Rc7 0-1

[Event "Late-Titled-Tuesday-Blitz-December-26-2023"]
[Site "Chess.com"]
[Date "2023.12.26"]
[Round "8"]
[White "MPCandelario"]
[Black "venturov"]
[Result "1-0"]
[WhiteElo "2662"]
[BlackElo "2498"]
[TimeControl "180+1"]
[EndTime "15:26:22 PST"]
[Termination "MPCandelario won by checkmate"]

1. e4 Nf6 2. e5 Nd5 3. Nc3 Nxc3 4. dxc3 d5 5. Nf3 Bg4 6. h3 Bxf3 7.
Qxf3 e6 8. Qg3 Nd7 9. h4 c5 10. h5 Qc7 11. Bf4 a6 12. O-O-O O-O-O 13. Be2 Rg8 14.
c4 d4 15. Bd3 g6 16. hxg6 hxg6 17. Bg5 Re8 18. f4 Be7 19. Bxe7 Rxe7 20. Qg5 f6 21. exf6 Rf7 22. g3 Rxf6 23. Rde1 Kb8 24. a3 Ka7 25.
Kb1 Re8 26. Rh7 Ref8 27. Reh1 Qd8 28. Rg7 e5 29. Rhh7 exf4 30. Rxd7 Qb8 31. Qxc5+ Ka8 32.
Be4 fxg3 33. Bxb7+ Qxb7 34. Rxb7 g2 35. Qa7# 1-0

[Event "Late-Titled-Tuesday-Blitz-December-26-2023"]
[Site "Chess.com"]
[Date "2023.12.26"]
[Round "8"]
[White "DishonorOnYourCow"]
[Black "RebecaJimnz"]
[Result "1-0"]
[WhiteElo "2561"]
[BlackElo "2287"]
[TimeControl "180+1"]
[EndTime "15:26:23 PST"]
[Termination "DishonorOnYourCow won by checkmate"]

1. d4 d5 2. c4 c6 3. Nf3 Nf6 4.
e3 e6 5. Bd3 dxc4 6. Bxc4 b5 7.
Bd3 Nbd7 8. e4 a6 9. O-O Be7 10.
Nc3 c5 11. e5 Nd5 12. Nxd5 exd5 13. Qe2 c4 14. Bc2 Qb6 15. Bg5 Qd8 16. e6 fxe6 17. Qxe6 Nf6 18. Qe2 O-O 19. Ne5 Bd6 20. Rae1 Qc7 21.
h3 Bd7 22. Bxf6 Rxf6 23. Qh5 g6 24. Bxg6 hxg6 25. Nxg6 Kg7 26. Ne7 Rh8 27. Qg5+ Kf7 28. Nxd5 Bh2+ 29. Kh1 Qc6 30. Re7+ Kf8 31. Qg7# 1-0

[Event "Late-Titled-Tuesday-Blitz-December-26-2023"]
[Site "Chess.com"]
[Date "2023.12.26"]
[Round "8"]
[White "nassimzrikem"]
[Black "Cambek64"]
[Result "1-0"]
[WhiteElo "2265"]
[BlackElo "2413"]
[TimeControl "180+1"]
[EndTime "15:26:24 PST"]
[Termination "nassimzrikem won by resignation"]

1. d4 b5 2. e4 Bb7 3. Bxb5 Bxe4 4. Nf3 c6 5. Bc4 d5 6. Bd3 Bxd3 7. Qxd3 e6 8. O-O Nf6 9. c3 c5 10. Bg5 Nbd7 11. Ne5 Qc7 12. f4 Ne4 13. Bh4 cxd4 14.
cxd4 Nxe5 15. fxe5 Be7 16. Bxe7 Qxe7 17. Qb5+ Kf8 18.
Nc3 Nxc3 19. bxc3 g6 20. Rf6 Kg7 21. Raf1 Rhf8 22. h4 Rac8 23. Qd3 Rc4 24. h5 Qc7 25. R1f3 Ra4 26. Qe3 Rxa2 27. Rh3 Rh8 28. h6+ Kf8 29. Rhf3 Ke8 30. Rxf7 Ra1+ 31. Kh2 Qxf7 32. Rxf7 Kxf7 33. Qf4+ Ke8 34. Qf6 Rf8 35. Qxe6+ Kd8 36. Qd6+ Kc8 37. Qxf8+ 1-0

[Event "Late-Titled-Tuesday-Blitz-December-26-2023"]
[Site "Chess.com"]
[Date "2023.12.26"]
[Round "8"]
[White "ShahMatKanal"]
[Black "KVAIDAN"]
[Result "0-1"]
[WhiteElo "2497"]
[BlackElo "2389"]
[TimeControl "180+1"]
[EndTime "15:26:26 PST"]
[Termination "KVAIDAN won on time"]

1. c4 f5 2. e4 fxe4 3. d3 exd3 4. Bxd3 Nf6 5. g4 g6 6. g5 Nh5 7. Be2 Ng7 8. h4 d5 9. cxd5 Bf5 10. Nc3 e6 11. Qa4+ c6 12. dxe6 Nxe6 13. Be3 Nc5 14. Qd4 Qxd4 15. Bxd4 Rg8 16. O-O-O Nbd7 17. Nf3 O-O-O 18.
Bc4 Be6 19. Bxe6 Nxe6 20. Bxa7 b6 21. Rhe1 Nec5 22. Ne5 Nxe5 23. Rxd8+ Kxd8 24. Bxb6+ Kd7 25. Rd1+ Ke6 26. f4 Ned3+ 27. Kc2 Nxf4 28. Re1+ Kf5 29. b4 Nce6 30. a3 Bg7 31. Ne4 Kg4 32. a4 Kxh4 33. a5 Nd4+ 34. Kb1 Nb5 35. Rg1 Re8 0-1

[Event "Late-Titled-Tuesday-Blitz-December-26-2023"]
[Site "Chess.com"]
[Date "2023.12.26"]
[Round "8"]
[White "Shankland"]
[Black "Szparu"]
[Result "1/2-1/2"]
[WhiteElo "2954"]
[BlackElo "2907"]
[TimeControl "180+1"]
[EndTime "15:26:27 PST"]
[Termination "Game drawn by agreement"]

1. d4 d5 2. c4 e6 3. Nf3 Nf6 4.
Nc3 Nbd7 5. Bf4 Bb4 6. Qa4 c5 7.
e3 O-O 8. dxc5 Bxc3+ 9. bxc3 Nxc5 10. Qa3 b6 11. Be2 Bb7 12. O-O Qe7 13. Rfd1 h6 14. Be5 Rfd8 15. cxd5 Nxd5 16. c4 Nf6 17. Nd4 Nfe4 18. f3 f6 19. Bg3 Nxg3 20. hxg3 Qc7 21. Kf2 Qe7 22. Qb2 Rd7 23. Nb5 Bc6 24. Rxd7 Bxd7 25.
Rd1 Bxb5 26. cxb5 Rd8 27. Qc2 Rd7 28. Bc4 Qd8 29. Ke2 Rxd1 30. Qxd1 Qe7 31. Qd4 g5 32.
g4 Kg7 33. g3 Qc7 34. f4 Qe7 35. Kf2 Qc7 36. Be2 Qd7 37. Qxd7+ Nxd7 38. e4 Nc5 39.
Ke3 Kf7 40. Kd4 Ke7 41. Bc4 Kd6 42. e5+ fxe5+ 43. fxe5+ Ke7 44. Be2 Nd7 45. Bd3 Nc5 46. Be2 Nd7 1/2-1/2

[Event "Late-Titled-Tuesday-Blitz-December-26-2023"]
[Site "Chess.com"]
[Date "2023.12.26"]
[Round "8"]
[White "nindjaxx8"]
[Black "Marcin"]
[Result "0-1"]
[WhiteElo "2573"]
[BlackElo "2484"]
[TimeControl "180+1"]
[EndTime "15:26:34 PST"]
[Termination "Marcin won by checkmate"]

1. d4 Nf6 2. c4 g6 3. Nc3 Bg7 4. Nf3 O-O 5. Bf4 c5 6. e3 cxd4 7. exd4 d5 8. Be2 dxc4 9. Bxc4 Nc6 10. O-O Bg4 11. d5 Bxf3 12. Qxf3 Nd4 13. Qd3 Nd7 14. Be3 Nf5 15. Bb3 Nxe3 16. Qxe3 a6 17. Rad1 Rc8 18. d6 exd6 19. Rxd6 Qc7 20. Rfd1 Nc5 21. Bc2 Rfe8 22. Qg3 Be5 23. Qh4 Bxd6 24. Nd5 Be7 25. Nxc7 Bxh4 26. Nxe8 Rxe8 27. g3 Bf6 28. b4 Ne6 29. Rd7 Re7 30. Rd6 Be5 31. Rd5 Nd4 32. Bd3 Nf3+ 33. Kh1 Bc3 34. b5 axb5 35. Bxb5 Nd4 36. Bc4 h5 37. Kg2 Kg7 38. h4 Rc7 39. Bd3 Ne6 40. Be4 Bd4 41. Rb5 b6 42. Rb4 Rc3 43. f4 Bc5 44. Rb2 Nd4 45. Rd2 Nf5 46. Bf3 Ne3+ 47. Kh3 Nf1 48. Rd3 Rxd3 49. g4 Rxf3+ 50. Kg2 Rxf4 51.
gxh5 gxh5 52. a4 Rf2+ 53. Kh3 Rh2# 0-1

[Event "Late-Titled-Tuesday-Blitz-December-26-2023"]
[Site "Chess.com"]
[Date "2023.12.26"]
[Round "8"]
[White "Schwindle"]
[Black "Aguiar94"]
[Result "1-0"]
[WhiteElo "2415"]
[BlackElo "2559"]
[TimeControl "180+1"]
[EndTime "15:26:40 PST"]
[Termination "Schwindle won by resignation"]

1. e4 c5 2. Nf3 Nc6 3. d4 cxd4 4. Nxd4 e6 5. Nc3 Qc7 6. Ndb5 Qb8 7. g3 a6 8. Nd4 Qc7 9. Bg2 Nf6 10. O-O d6 11.
Nxc6 bxc6 12. e5 d5 13. exf6 gxf6 14. Bf4 e5 15. Re1 Be6 16. Bd2 h5 17. h4 Rb8 18.
Rb1 a5 19. Na4 Bd6 20. c4 d4 21. c5 Be7 22. f4 Rg8 23. Kh2 Bxa2 24. Ra1 Bb3 25. Qxh5 Bxa4 26. Rxa4 Rxb2 27. Bxa5 Qc8 28. fxe5 f5 29. e6 Rg6 30. Qh8+ Bf8 31. e7 Rxg2+ 32.
Kxg2 Rxg3+ 33. Kf2 1-0

[Event "Late-Titled-Tuesday-Blitz-December-26-2023"]
[Site "Chess.com"]
[Date "2023.12.26"]
[Round "8"]
[White "Anar_Aliakbarov"]
[Black "Agibileg"]
[Result "1-0"]
[WhiteElo "2540"]
[BlackElo "2672"]
[TimeControl "180+1"]
[EndTime "15:26:41 PST"]
[Termination "Anar_Aliakbarov won by resignation"]

1. d4 Nf6 2. c4 e6 3. g3 c5 4. d5 exd5 5. cxd5 d6 6. Bg2 Be7 7. Nf3 O-O 8. O-O b5 9. a4 b4 10. Nbd2 Nbd7 11. Nc4 Nb6 12. Nfd2 Nxc4 13. Nxc4 Ba6 14.
Qc2 Nd7 15. Bf4 Nb6 16. Na5 Bf6 17. Nc6 Qd7 18. Rad1 Rfe8 19. Rfe1 b3 20. Qxb3 Bxe2 21. Rd2 Bc4 22. Qd1 Rxe1+ 23. Qxe1 Re8 24. Qd1 Bxd5 25. Rxd5 Nxd5 26. Bxd5 Bxb2 27. Kg2 Be5 28. Be3 Bf6 29. Qb3 h5 30. h3 h4 31. g4 Rf8 32. a5 a6 33. Qb6 Qc8 34. Na7 Qe8 35. Qxa6 Bd4 36. Bxd4 cxd4 37. Qc4 Kh8 38. Nc6 f5 39. Qxd4 fxg4 40. Qxg4 1-0

[Event "Late-Titled-Tuesday-Blitz-December-26-2023"]
[Site "Chess.com"]
[Date "2023.12.26"]
[Round "8"]
[White "protectiago"]
[Black "HappyPawny"]
[Result "0-1"]
[WhiteElo "2053"]
[BlackElo "2249"]
[TimeControl "180+1"]
[EndTime "15:26:43 PST"]
[Termination "HappyPawny won by resignation"]

1. d4 d5 2. c4 c6 3. Nf3 Nf6 4. Qc2 e6 5. g3 Be7 6. Bg2 O-O 7. Nbd2 Nbd7 8. O-O Re8 9. Rd1 Bf8 10. e4 e5 11.
dxe5 Nxe5 12. exd5 cxd5 13. Nxe5 Rxe5 14. Nf3 Bf5 15.
Qb3 Re2 16. Bg5 Bc2 17. Qxb7 Bxd1 18. Rxd1 Qb6 19. Qxb6 axb6 20. cxd5 Ng4 21. d6 Nxf2 22. Rf1 Ne4 23. Nd4 Rxg2+ 24. Kxg2 Nxg5 25. d7 Rd8 26. Nc6 Rxd7 27. Ne5 Rd2+ 28. Kg1 Rxb2 29. h4 Nh3+ 30.
Kh1 f6 31. Nd7 Bd6 32. Nxb6 Bxg3 0-1

[Event "Late-Titled-Tuesday-Blitz-December-26-2023"]
[Site "Chess.com"]
[Date "2023.12.26"]
[Round "8"]
[White "monalize"]
[Black "GMthekingindian"]
[Result "1-0"]
[WhiteElo "2490"]
[BlackElo "2312"]
[TimeControl "180+1"]
[EndTime "15:26:45 PST"]
[Termination "monalize won on time"]

1. e4 c5 2. Nf3 d6 3. d4 cxd4 4. Qxd4 Nc6 5. Qe3 e5 6. Bc4 Be6 7. Nbd2 Be7 8. O-O Rc8 9. c3 Nf6 10. Rd1 O-O 11. Bb3 Qc7 12. Nf1 a6 13. Ng3 Na5 14. Bc2 Rfe8 15. Nf5 Bf8 16. Qg5 Bxf5 17. Qxf5 Rcd8 18. Bg5 Qd7 19. Qxd7 Rxd7 20. Bxf6 gxf6 21. Nh4 Nc4 22. Rab1 Red8 23. Bb3 b5 24. Bxc4 bxc4 25. Rd5 Rc7 26. Nf5 Rdc8 27. g3 Rc5 28. Rd2 Ra5 29. a3 Rc6 30. Kg2 Rb5 31. Kf3 Rcb6 32. Ke2 d5 33.
exd5 Bxa3 34. d6 Rb8 35. d7 1-0

[Event "Late-Titled-Tuesday-Blitz-December-26-2023"]
[Site "Chess.com"]
[Date "2023.12.26"]
[Round "8"]
[White "ural58"]
[Black "IngOscarArdila"]
[Result "1-0"]
[WhiteElo "2472"]
[BlackElo "2315"]
[TimeControl "180+1"]
[EndTime "15:26:46 PST"]
[Termination "ural58 won on time"]

1. e4 e5 2. Nf3 Nf6 3. d4 Nxe4 4. Bd3 d5 5. Nxe5 Nd7 6. Nc3 Nxc3 7. bxc3 Nxe5 8. dxe5 Bc5 9. O-O Be6 10. Kh1 Qh4 11.
f4 g6 12. Rb1 O-O-O 13. a4 a5 14. Rb5 Bb6 15. Ba3 Bd7 16. Rxb6 cxb6 17. Bd6 Bxa4 18. Qb1 Rxd6 19. exd6 Qd8 20. c4 Qxd6 21. Qa1 Rd8 22.
Qxa4 d4 23. f5 g5 24. f6 Kc7 25. Qb5 h6 26. Qf5 a4 27. h3 a3 28. Ra1 Qb4 29.
Qe5+ Rd6 30. Qe7+ Kb8 31. Qxf7 Qb2 32. Re1 a2 33. Qf8+ Kc7 34. Qe7+ Rd7 35. Qe5+ Rd6 36. c5 bxc5 37. Qxc5+ Rc6 38. Qa5+ 1-0

[Event "Late-Titled-Tuesday-Blitz-December-26-2023"]
[Site "Chess.com"]
[Date "2023.12.26"]
[Round "8"]
[White "PushingpawnsNYC"]
[Black "norman927"]
[Result "1-0"]
[WhiteElo "2476"]
[BlackElo "2312"]
[TimeControl "180+1"]
[EndTime "15:26:47 PST"]
[Termination "PushingpawnsNYC won on time"]

1. e4 c5 2. Nc3 Nc6 3. Bb5 Nd4 4. Nf3 Nxb5 5. Nxb5 e6 6. d4 a6 7. Nc3 cxd4 8. Qxd4 d6 9. Bg5 Qc7 10. O-O-O Bd7 11.
Rhe1 Rc8 12. Re2 h6 13. Bh4 b5 14. Nd5 Qc5 15. Qd2 g5 16. Bg3 exd5 17. exd5+ Kd8 18.
Nd4 Bg7 19. Nc6+ Bxc6 20. dxc6 Rxc6 21. Bxd6 Rxd6 22. Qxd6+ Qxd6 23. Rxd6+ Kc7 24. Rxa6 Kb7 25. Rd6 Nf6 26. Re7+ Kc8 27. Rxf7 Ne8 28. Ra6 Kb8 29. Rb6+ Kc8 30. Rxb5 Rf8 31. Rxf8 Bxf8 32. a4 Bd6 33. g3 Nc7 34. Rb3 Kd7 35. a5 Na6 36. Rb6 Nc5 37.
a6 Bc7 38. Rxh6 1-0

[Event "Late-Titled-Tuesday-Blitz-December-26-2023"]
[Site "Chess.com"]
[Date "2023.12.26"]
[Round "8"]
[White "WPWPWP-2015"]
[Black "Crasyhealer"]
[Result "1-0"]
[WhiteElo "2590"]
[BlackElo "2480"]
[TimeControl "180+1"]
[EndTime "15:26:52 PST"]
[Termination "WPWPWP-2015 won by resignation"]

1. e4 e5 2. Nf3 Nc6 3. Bb5 a6 4. Ba4 Nf6 5. O-O b5 6. Bb3 Bc5 7. Nxe5 Nxe5 8. d4 Bxd4 9. Qxd4 Nc6 10. Qd1 O-O 11. Re1 d6 12. Nc3 Be6 13. Bg5 h6 14.
Bh4 Bxb3 15. axb3 g5 16. Bg3 Re8 17. f3 Nh5 18. Bf2 Nf4 19. Nd5 Nxd5 20. Qxd5 Qd7 21.
Rad1 Nb4 22. Qd2 a5 23. c3 Nc6 24. Bg3 Qe6 25. Qd5 Qxd5 26. Rxd5 b4 27. c4 a4 28.
bxa4 Rxa4 29. h4 gxh4 30. Bxh4 Ra2 31. b3 Ra3 32. Re3 Na5 33. Rdd3 f5 34. Bg3 Nb7 35. e5 Nc5 36. exd6 Rf8 37. d7 Nxd3 38. Rxd3 Raa8 39. Bxc7 Rad8 40. Bxd8 Rxd8 41. c5 1-0

[Event "Late-Titled-Tuesday-Blitz-December-26-2023"]
[Site "Chess.com"]
[Date "2023.12.26"]
[Round "8"]
[White "CheckThis4"]
[Black "Skatchkov_V"]
[Result "0-1"]
[WhiteElo "2712"]
[BlackElo "2601"]
[TimeControl "180+1"]
[EndTime "15:26:53 PST"]
[Termination "Skatchkov_V won on time"]

1. e4 e5 2. Nf3 d5 3. exd5 e4 4. Qe2 Nf6 5. d3 Qxd5 6. Nbd2 Nc6 7. Nxe4 Be6 8. Nxf6+ gxf6 9. Qe4 Qd7 10. Be2 Rg8 11. Be3 O-O-O 12. a3 f5 13. Qa4 Rg4 14. c4 f4 15.
Bxa7 Bg7 16. O-O Rg8 17. Bc5 Kb8 18. Kh1 Bf6 19. Rg1 R8g6 20. Rae1 Rh6 21. h3 Rg8 22. Nh2 Rg5 23. d4 Bxh3 24. Bf3 Bg4 25. Bxg4 Qxg4 26.
Re8+ Bd8 27. Qa7+ Nxa7 28. Rxd8+ Nc8 0-1

[Event "Late-Titled-Tuesday-Blitz-December-26-2023"]
[Site "Chess.com"]
[Date "2023.12.26"]
[Round "8"]
[White "Alex_Banzea"]
[Black "Zadar321"]
[Result "0-1"]
[WhiteElo "2613"]
[BlackElo "2465"]
[TimeControl "180+1"]
[EndTime "15:26:57 PST"]
[Termination "Zadar321 won by resignation"]

1. d4 Nf6 2. Nc3 d5 3. Bf4 e6 4.
Nb5 Na6 5. e3 c6 6. Nc3 Nc7 7. Nf3 Bd6 8. Ne5 O-O 9. Bd3 Nce8 10. Qf3 Nd7 11. Qh3 f5 12. g4 Nxe5 13. dxe5 Bb4 14. gxf5 exf5 15. Rg1 Kh8 16. Rg5 Qe7 17.
Kd2 Nc7 18. Rag1 Ne6 19. Rxf5 g6 20. Rxf8+ Nxf8 21. Qh6 Qg7 22. Qh4 Be7 23. Bg5 Bxg5 24. Rxg5 Be6 25. Ne2 Bf7 26. Nf4 Re8 27. Qg3 Kg8 28.
h4 Rxe5 29. h5 Rxg5 30. Qxg5 h6 31. Qe7 g5 32. Ne2 Qxb2 33. Ng3 Be6 34. Nf5 Bxf5 35. Bxf5 Qg7 36. Qe8 Qf7 37. Qc8 b6 38. Bd3 Qxf2+ 39. Kc3 Qxe3 40. Qxc6 Qc5+ 41. Qxc5 bxc5 42. Bf5 Kg7 43.
Kb3 Kf6 44. Bc8 Ke5 45. Ka4 Ne6 46. Kb5 g4 0-1